 Dungeon Crawl Stone Soup version 0.19.3 (webtiles) character file.

3876 Gorglomux the Fighter (level 10, -9/68 HPs)
             Began as a Gargoyle Gladiator on Jan 22, 2017.
             Was an Elder of Okawaru.
             Splashed by Maurice's acid (10 damage)
             ... on level 8 of the Dungeon.
             The game lasted 00:20:06 (6348 turns).

Gorglomux the Fighter (Gargoyle Gladiator)          Turns: 6348, Time: 00:20:07

Health: -9/68      AC: 12    Str: 24    XL:     10   Next: 19%
Magic:  13/13      EV: 12    Int: 10    God:    Okawaru [****..]
Gold:   0          SH:  4    Dex: 10    Spells: 0 memorised, 9 levels left

rFire  . . .     SeeInvis .     H - +0 flail (protect)
rCold  . . .     Gourm    .     b - +0 leather armour
rNeg   + . .     Faith    .     (no shield)
rPois  ∞         Spirit   .     c - +0 helmet
rElec  +         Reflect  +     C - +0 cloak
rCorr  .         Harm     .     (no gloves)
MR     .....     Rnd*Tele +     (no boots)
Stlth  +.........               y - +4 amulet of reflection
                                o - +3 ring of strength
                                i - ring of teleportation (curse)

@: no status effects
A: negative energy resistance 1, electricity resistance, unbreathing,
petrification resistance, rot immunity, AC +7
a: Heroism, Renounce Religion


You were on level 8 of the Dungeon.
You worshipped Okawaru.
Okawaru was greatly pleased with you.
You were not hungry.

You visited 2 branches of the dungeon, and saw 9 of its levels.


Innate Abilities, Weirdness & Mutations

You are resistant to torment.
Your stone body is resilient. (AC +7)
You are immune to poison.
You resist negative energy. (rN+)
You are resistant to electric shocks. (rElec)
You can survive without breathing.
You are immune to petrification.
You are immune to rotting.


   Skills:
 + Level 10.8 Fighting
 + Level 10.1 Maces & Flails
 - Level 1.7 Throwing
 - Level 2.4 Dodging
 + Level 4.4 Invocations


You had 9 spell levels left.
You didn't know any spells.

Dungeon Overview and Level Annotations

Branches:
Dungeon (8/15)             Temple (1/1) D:4
   Lair: D:8-11

Altars:
Ashenzari
Cheibriados
Dithmenos
Fedhas
Gozag
Hepliaklqana
Kikubaaqudgha
Makhleb
Nemelex Xobeh
Okawaru
Ru
Xom
The Shining One

Annotations:
D:8 Maurice

Inventory:

Hand Weapons
 H - a +0 flail of protection (weapon)
   (You took it off an orc priest on level 6 of the Dungeon)
Missiles
 d - 3 throwing nets {!f}
 z - 3 javelins (quivered)
Armour
 b - a +0 leather armour (worn)
 c - a +0 helmet (worn)
 C - a +0 cloak (worn)
   (You took it off Crazy Yiuf on level 4 of the Dungeon)
Jewellery
 a - a +3 ring of dexterity
   (You found it on level 6 of the Dungeon)
 i - a cursed ring of teleportation (left hand)
   (You found it on level 5 of the Dungeon)
 o - a +3 ring of strength (right hand)
   (You found it on level 1 of the Dungeon)
 p - an uncursed ring of protection from cold
   (You found it on level 1 of the Dungeon)
 q - a +3 ring of intelligence
   (You found it on level 2 of the Dungeon)
 s - an uncursed ring of see invisible
   (You found it on level 2 of the Dungeon)
 y - a +4 amulet of reflection (around neck)
   (You found it on level 3 of the Dungeon)
 A - an uncursed ring of protection from fire
   (You found it on level 5 of the Dungeon)
 G - an uncursed ring of fire
   (You found it on level 6 of the Dungeon)
 I - an uncursed ring of protection from magic
   (You found it on level 6 of the Dungeon)
Wands
 j - a wand of iceblast (6/15)
   (You found it on level 8 of the Dungeon)
 D - a wand of confusion (46/48)
   (You found it on level 5 of the Dungeon)
 O - a wand of paralysis (16/24)
   (You found it on level 8 of the Dungeon)
Scrolls
 e - a scroll of random uselessness {unknown}
 g - 2 scrolls of teleportation {@r4}
 r - a scroll of enchant armour {unknown}
 t - 2 scrolls of identify {@r1}
 u - a scroll of immolation {unknown}
 x - a scroll of blinking
 B - a scroll of recharging
 E - a scroll of fog {unknown}
 J - a scroll of silence {unknown}
 M - a scroll of fear {unknown}
 N - a scroll of amnesia {unknown}
Potions
 h - a potion of ambrosia {unknown}
 l - 2 potions of cancellation
 m - 3 potions of heal wounds {@q2}
 v - a potion of lignification {unknown}
 L - a potion of berserk rage
Comestibles
 f - 4 bread rations {@e1}
 k - 4 beef jerkies
 n - 7 fruits
 w - a slice of pizza
 F - 3 meat rations {@e2}

#.# #.
###########.# #.
#........##.#####.
#)>...............
#..#####.#.)#####.
#..{...K..........
#..#####.#...####.
#......#.###.# #.
#@####.#.# #.# #.
#.#.<#.#K###.# ##
#....#.#K....#
######.#K....#
#......#.....#
####'######.....#
#............>..#
#.....(#####...##
#.....<....#...#


There were no monsters in sight!


Message History

The big kobold shouts!
The kobold shouts!
You block Prince Ribbit's attack. Something hits you but does no damage.
Prince Ribbit catches a butterfly with his tongue.
Prince Ribbit closely misses you. The adder bites you but does no damage.
Prince Ribbit hits you but does no damage.
Prince Ribbit hits you!
Prince Ribbit hits you but does no damage.
You sock Prince Ribbit!
Your weapon exudes an aura of protection.
Prince Ribbit hits you!
* * * LOW HITPOINT WARNING * * *
You are too injured to fight recklessly!
You are too injured to fight recklessly!
You are too injured to fight recklessly!
You are too injured to fight recklessly!
You are too injured to fight recklessly!
You are too injured to fight recklessly!
You are too injured to fight recklessly!
You are too injured to fight recklessly!
You are too injured to fight recklessly!
You are too injured to fight recklessly!
You are too injured to fight recklessly!
You are too injured to fight recklessly!
You are too injured to fight recklessly!
You sock Prince Ribbit!
You kill Prince Ribbit!
Okawaru accepts your kill.
You hear a zap.
A bolt of acid appears from out of thin air!
The bolt of acid misses the adder.
The bolt of acid hits you!
* * * LOW HITPOINT WARNING * * *
You are splashed with acid!
The acid burns!
* * * LOW HITPOINT WARNING * * *
You hit the adder but do no damage. The adder misses you. The adder misses you.
You hear a zap.
A bolt of acid appears from out of thin air!
The bolt of acid hits the adder.
The adder is splashed with acid.
The adder dies!
The bolt of acid misses you.
The kobold throws a stone.
The stone hits you but does no damage.
You see here a stone.
Something picks up a stone.
You hear a zap.
A bolt of acid appears from out of thin air!
The bolt of acid hits you!
* * * LOW HITPOINT WARNING * * *
You are splashed with acid!
The acid burns!
You die...

Vault maps used:
D:1:      dpeg_arrival_connections
D:2:      minmay_wonky_spiral, minitemple
D:3:      first_bread, minmay_gold_behind_fungi
D:4:      kennysheep_another_room, uniq_grinder, uniq_crazy_yiuf_cottage
D:5:      basic_altar, uniq_menkaure
D:6:      regret_index_temple_of_mockery, tso_altar
D:7:      grunt_ministairs_9
D:8:      lemuel_coloured_pillars_altar, uniq_prince_ribbit1, uniq_maurice
Temple:   bh_familiar_temple

Vanquished Creatures
  Grinder (D:4)
  Prince Ribbit (D:8)
  3 hippogriffs
  2 hungry ghosts (D:8)
  Menkaure (D:5)
  A water moccasin (D:6)
  2 ice beasts
  2 phantoms
  A necrophage (D:5)
  An ogre (D:8)
  3 sky beasts
  3 centaurs
  A bullfrog (D:6)
  2 scorpions
  8 wights
  2 howler monkeys (D:7)
  A bullfrog zombie (D:5)
  4 crimson imps
  A bullfrog skeleton (D:3)
  2 centaur skeletons
  4 hounds
  2 orc priests (D:6)
  Crazy Yiuf (D:4)
  3 iguanas
  5 worker ants
  7 adders
  7 gnolls
  A shadow imp (D:5)
  An ooze (D:1)
  2 adder zombies
  A worm (D:3)
  2 dart slugs (D:3)
  A leopard gecko (D:3)
  9 orcs
  9 bats
  5 giant cockroaches
  8 goblins
  6 hobgoblins
  7 jackals
  3 quokkas
  2 ball pythons
  4 frilled lizards
  2 jackal skeletons
  5 kobolds
  A leopard gecko zombie (D:6)
  4 rats
  A fungus (D:3)
145 creatures vanquished.

Vanquished Creatures (others)
  An adder (D:8)
1 creature vanquished.

Grand Total: 146 creatures vanquished

Table legend:
 A = Turns spent in this place as a percentage of turns spent in the entire game.
 B = Non-inter-level travel turns spent in this place as a percentage of non-inter-level travel turns spent in the entire game.
 C = Inter-level travel turns spent in this place as a percentage of turns spent in this place.
 D = Turns resting spent in this place as a percentage of non-inter-level travel turns spent in this place.
 E = Turns spent auto-exploring this place as a percentage of non-inter-level travel turns spent in this place.
 F = Non-inter-level travel turns spent in this place divided by the number of levels of this place that you've seen.
                   A       B       C       D       E      F
               +-------+-------+-------+-------+-------+----------------------
         Total | 100.0 | 100.0 |   0.4 |   0.9 |  14.5 | 326.7
       Dungeon |  99.5 |  99.5 |   0.3 |   0.9 |  14.3 | 365.6
        Temple |   0.5 |   0.5 |   6.2 |   0.0 |  40.0 |  15.0
               +-------+-------+-------+-------+-------+----------------------

Table legend:
 A = Kills in this place as a percentage of kills in entire the game.
 B = Kills by you in this place as a percentage of kills by you in the entire game.
 C = Kills by friends in this place as a percentage of kills by friends in the entire game.
 D = Other kills in this place as a percentage of other kills in the entire game.
 E = Experience gained in this place as a percentage of experience gained in the entire game.
 F = Experience gained in this place divided by the number of levels of this place that you have seen.
                   A       B       C       D       E      F
               +-------+-------+-------+-------+-------+----------------------
         Total | 100.0 | 100.0 |  -nan |  -nan | 100.0 | 615.3
       Dungeon | 100.0 | 100.0 |  -nan |  -nan | 100.0 | 692.2
               +-------+-------+-------+-------+-------+----------------------

Notes
Turn   | Place    | Note
-------+----------+-------------------------------------------
     0 | D:1      | Gorglomux the Gargoyle Gladiator began the quest for the Orb.
     0 | D:1      | Reached XP level 1. HP: 12/12 MP: 1/1
   121 | D:1      | Reached XP level 2. HP: 15/18 MP: 2/2
   320 | D:1      | Reached skill level 3 in Fighting
   628 | D:2      | Reached XP level 3. HP: 14/23 MP: 3/3
  1094 | D:2      | Found a sacrificial altar of Ru.
  1095 | D:2      | Found a shattered altar of Ashenzari.
  1735 | D:3      | Reached skill level 4 in Maces & Flails
  1735 | D:3      | Reached XP level 4. HP: 24/28 MP: 4/4
  1896 | D:3      | Reached skill level 4 in Fighting
  2092 | D:3      | Reached XP level 5. HP: 23/33 MP: 5/5
  2520 | D:4      | Reached skill level 5 in Maces & Flails
  2565 | D:4      | Noticed Grinder
  2613 | D:4      | Killed Grinder
  2613 | D:4      | Reached skill level 5 in Fighting
  2613 | D:4      | Reached XP level 6. HP: 26/40 MP: 6/6
  2704 | D:4      | Reached XP level 7. HP: 42/45 MP: 7/7
  3010 | D:4      | Found a runed door.
  3166 | D:4      | Found a staircase to the Ecumenical Temple.
  3182 | Temple   | Entered the Ecumenical Temple
  3215 | Temple   | Became a worshipper of Warmaster Okawaru
  3402 | D:4      | Noticed Crazy Yiuf
  3409 | D:4      | Killed Crazy Yiuf
  3409 | D:4      | Reached skill level 6 in Maces & Flails
  3461 | D:5      | Entered Level 5 of the Dungeon
  3491 | D:5      | Reached skill level 6 in Fighting
  3644 | D:5      | Found a blossoming altar of Fedhas.
  3713 | D:5      | Reached skill level 7 in Fighting
  3761 | D:5      | Reached XP level 8. HP: 49/53 MP: 8/8
  3803 | D:5      | Reached * piety under Okawaru
  3803 | D:5      | Reached skill level 7 in Maces & Flails
  3892 | D:5      | Noticed Menkaure
  3904 | D:5      | Killed Menkaure
  4127 | D:6      | Reached skill level 8 in Fighting
  4216 | D:6      | Found a hazy altar of Hepliaklqana.
  4217 | D:6      | Found a shimmering altar of Xom.
  4218 | D:6      | Noticed a spectral ugly thing
  4307 | D:6      | Found a glowing golden altar of the Shining One.
  4307 | D:6      | Noticed a hippogriff
  4313 | D:6      | Killed a hippogriff
  4313 | D:6      | Reached ** piety under Okawaru
  4313 | D:6      | Reached skill level 8 in Maces & Flails
  4402 | D:6      | Reached XP level 9. HP: 56/60 MP: 9/9
  4476 | D:6      | Reached skill level 9 in Fighting
  4865 | D:6      | Reached skill level 9 in Maces & Flails
  5345 | D:7      | Reached *** piety under Okawaru
  5356 | D:7      | Reached skill level 1 in Invocations
  5376 | D:7      | Reached skill level 10 in Fighting
  5468 | D:7      | Reached skill level 2 in Invocations
  5773 | D:7      | Reached skill level 3 in Invocations
  5977 | D:8      | Reached XP level 10. HP: 65/68 MP: 10/12
  5993 | D:8      | Reached skill level 10 in Maces & Flails
  5993 | D:8      | Reached skill level 4 in Invocations
  6025 | D:8      | Found a snail-covered altar of Cheibriados.
  6064 | D:8      | Noticed Maurice
  6323 | D:8      | Noticed Prince Ribbit
  6339 | D:8      | Killed Prince Ribbit
  6339 | D:8      | Reached **** piety under Okawaru
  6339 | D:8      | HP: 9/68 [acid (9)]
  6348 | D:8      | HP: 1/68 [something/wand of acid (10)]
  6348 | D:8      | Splashed by Maurice's acid

Action                   |  1- 3 |  4- 6 |  7- 9 | 10-12 || total
-------------------------+-------+-------+-------+-------++-------
Melee: Flail             |   101 |   131 |   425 |    55 ||   712
Throw: Javelin           |       |       |     4 |       ||     4
Invok: Heroism           |       |       |     1 |       ||     1
Evoke: Wand              |       |       |     2 |       ||     2
  Use: Scroll            |       |       |     7 |       ||     7
  Eat: Chunk             |     2 |     4 |    13 |     2 ||    21
       Bread ration      |       |       |       |     1 ||     1
Armor: Leather armour    |    58 |    64 |   174 |    23 ||   319
Dodge: Dodged            |    87 |    84 |   201 |    19 ||   391
Block: Other             |       |    15 |    69 |     6 ||    90
       Reflection        |       |       |     2 |       ||     2
